Ducks vs Canucks

Created - February 5, 2024 at 20:58

Goals
1 2 3 T
Ducks 1 1 3 5
Canucks 1 0 2 3
Shots
1 2 3 T
Ducks 3 9 10 22
Canucks 21 10 11 42

GoalsPenalties
1st period
1. Canucks , Samuel Girard 5 (Brayden Point 26, Ryan Nugent-Hopkins 17) at 4:13 (PP)
2. Ducks , Pierre-Luc Dubois 6 (Tyson Barrie 16, Patrick Kane 15) at 6:49
Ryan McDonagh (ANA) for Hooking (Minor) at 2:19
Brayden McNabb (ANA) for Cross-checking (Minor) at 4:19
Ty Smith (VAN) for Interference (Minor) at 13:16
Zach Hyman (ANA) for Hooking (Minor) at 17:01
Rasmus Dahlin (ANA) for Holding (Minor) at 18:15
2nd period
3. Ducks , Moritz Seider 8 (Zach Hyman 16, Phillip Danault 25) at 11:10
Moritz Seider (ANA) for Interference (Minor) at 11:57
Joe Pavelski (ANA) for Hooking (Minor) at 18:27
3rd period
4. Ducks , Phillip Danault 13 (Zach Hyman 17, Rasmus Dahlin 31) at 11:57
5. Ducks , Claude Giroux 11 (Adam Fox 31, Phillip Danault 26) at 13:36
6. Canucks , Ryan Nugent-Hopkins 13 (Samuel Girard 22, Mitch Marner 25) at 15:00
7. Canucks , Brayden Point 20 (Ryan Nugent-Hopkins 18, Mitch Marner 26) at 16:08 (PP)
8. Ducks , Jason Robertson 15 (Joe Pavelski 16, Adam Fox 32) at 19:17 (Empty Net)
Moritz Seider (ANA) for Holding Stick (Minor) at 8:26
Rasmus Dahlin (ANA) for Hooking (Minor) at 15:44
Goalie Stats
Frederik Andersen (ANA), 39 saves from 42 shots - (0.929), W, 26-19-3, 60:00 minutes
Jeremy Swayman (VAN), 17 saves from 21 shots - (0.810), L, 16-12-4, 59:28 minutes
3 StarsOfficial
1 - Phillip Danault (ANA)
2 - Claude Giroux (ANA)
3 - Adam Fox (ANA)
Referees : Beaudry Halkidis and Adam Bloski
Linesman : Steve Barton and Steven Walsh
Game Note
Jason Robertson has scored in a empty net!
Finance
Level 1 -- Attendance: 6500 (100.00%) -- Ticket Income $780,000
Level 2 -- Attendance: 4939 (98.78%) -- Ticket Income $419,815
Level 3 -- Attendance: 3500 (100.00%) -- Ticket Income $175,000
Level 4 -- Attendance: 2910 (100.00%) -- Ticket Income $101,850
Luxury Box -- Attendance: 1000 (100.00%) -- Ticket Income $200,000
Game was played at the Rogers Arena.
Total Attendance: 18849 (99.68%)
Total Ticket Income: $1,676,665
Other Income: $419,166
Total Income: $2,095,831



Team Name Goals Shots Shots Attemp Shots Blocked PIM HIT PP PK FO%
Ducks 52248716200 / 1 (0%)249%
Canucks 3428362252 / 8 (25%)051%

Ducks
Player Name POS G A P +/- PIM HIT SHT SB MP PP MP PP SHT PK MP PK SHT FO% FOT
Adam FoxD0222012326:150:4707:2100% 0
Adrian KempeRW0000002124:091:1208:22047% 15
Brayden McNabbD0000220011:070:0000:0000% 0
Claude GirouxRW1013013016:230:4700:00050% 2
Jack JohnsonD000000000:000:0000:0000% 0
Jason RobertsonLW1010002026:001:1208:47025% 4
Joe PavelskiC0110210114:340:0000:00060% 15
Mats ZuccarelloRW000000001:260:0000:0000% 0
Moritz SeiderD1012433020:431:1204:1400% 0
Nikolaj EhlersLW000000001:260:0000:0000% 0
Patrick KaneRW0111013014:441:1200:35033% 3
Phillip DanaultC1233044020:490:4704:26048% 31
Pierre-Luc DuboisLW1011031012:570:0000:00033% 3
Rasmus DahlinD0112410225:010:4706:0800% 0
Ryan McDonaghD0000201014:110:0003:0400% 0
Travis BoydC0001001012:570:0000:00050% 14
Tyson BarrieD0112010022:371:1206:0600% 0
Zach HymanLW0223220020:210:4703:590100% 1
Canucks
Player Name POS G A P +/- PIM HIT SHT SB MP PP MP PP SHT PK MP PK SHT FO% FOT
Alec MartinezD0000011115:030:0000:5600% 0
Alex NewhookC000-100107:290:0000:0000% 0
Boone JennerC000-100109:390:0001:27046% 13
Boris KatchoukLW000-102007:290:0000:0000% 0
Bowen ByramD000-4013225:077:1531:0300% 0
Brayden PointC112-2019022:507:4030:09060% 35
Cody GlassC000-101108:010:0000:32033% 9
Conor GarlandRW000-1030013:595:4700:0000% 0
J.J. MoserD0000002222:257:1521:0300% 0
Jason ZuckerLW0000071013:520:0000:0000% 0
Jordan SpenceD000-4020016:490:0000:0000% 0
Kevin HayesC000-1015015:527:4030:0000% 0
Martin NecasC000-2042020:485:4710:00056% 9
Mathew BarzalC000-2015020:485:4730:000100% 1
Mitch MarnerC/LW/RW0220004022:047:4010:32050% 2
Ryan Nugent-HopkinsC1230004021:226:1221:18042% 19
Samuel GirardD1120012120:466:1210:5600% 0
Ty SmithD0000201013:370:0000:0000% 0



Play-by-Play

1st period


0:01 of 1st period - Joe Pavelski wins face-off versus Brayden Point in neutral zone.
0:15 of 1st period - Shot by Martin Necas.
0:15 of 1st period - Shot Misses the Net.
0:42 of 1st period - Jason Robertson is hit by Bowen Byram and loses puck.
1:26 of 1st period - Ryan Nugent-Hopkins is hit by Moritz Seider.
1:32 of 1st period - Shot by Ryan Nugent-Hopkins.
1:32 of 1st period - Deflect By Mitch Marner.
1:32 of 1st period - Stopped by Frederik Andersen without a rebound.
1:33 of 1st period - Travis Boyd wins face-off versus Boone Jenner in Ducks zone.
2:14 of 1st period - Samuel Girard is hit by Brayden McNabb.
2:19 of 1st period - Minor Penalty to Ryan McDonagh for Hooking.
2:20 of 1st period - Brayden Point wins face-off versus Adrian Kempe in Ducks zone.
2:35 of 1st period - Shot by Kevin Hayes.
2:35 of 1st period - Stopped by Frederik Andersen with a rebound.
2:43 of 1st period - Shot by Bowen Byram.
2:43 of 1st period - Stopped by Frederik Andersen without a rebound.
2:44 of 1st period - Martin Necas wins face-off versus Phillip Danault in Ducks zone.
2:53 of 1st period - Shot by Martin Necas.
2:53 of 1st period - Stopped by Frederik Andersen without a rebound.
2:54 of 1st period - Adrian Kempe wins face-off versus Martin Necas in Ducks zone.
2:54 of 1st period - Adrian Kempe is hit by Conor Garland.
3:16 of 1st period - Shot by Mathew Barzal.
3:16 of 1st period - Shot Misses the Net.
3:18 of 1st period - Shot by Martin Necas.
3:18 of 1st period - Shot Misses the Net.
3:20 of 1st period - Shot by Bowen Byram.
3:20 of 1st period - Shot Misses the Net.
3:22 of 1st period - Shot by J.J. Moser.
3:22 of 1st period - Shot Misses the Net.
3:24 of 1st period - Shot by Bowen Byram.
3:24 of 1st period - Shot Misses the Net.
3:53 of 1st period - Icing by Samuel Girard.
3:54 of 1st period - Brayden Point wins face-off versus Phillip Danault in Canucks zone.
4:09 of 1st period - Shot by Samuel Girard.
4:09 of 1st period - Shot Blocked by Adam Fox.
4:11 of 1st period - Shot by Ryan Nugent-Hopkins.
4:11 of 1st period - Deflect By Brayden Point.
4:11 of 1st period - Shot Blocked by Rasmus Dahlin.
4:13 of 1st period - Shot by Samuel Girard.
4:13 of 1st period - Goal by Samuel Girard - Ducks : 0 - Canucks : 1.
4:14 of 1st period - Cody Glass wins face-off versus Travis Boyd in neutral zone.
4:14 of 1st period - Cody Glass is hit by Pierre-Luc Dubois.
4:19 of 1st period - Minor Penalty to Brayden McNabb for Cross-checking.
4:20 of 1st period - Phillip Danault wins face-off versus Martin Necas in Ducks zone.
4:20 of 1st period - Phillip Danault is hit by Mathew Barzal.
5:23 of 1st period - Shot by Ryan Nugent-Hopkins.
5:23 of 1st period - Stopped by Frederik Andersen without a rebound.
5:24 of 1st period - Adrian Kempe wins face-off versus Brayden Point in Ducks zone.
5:33 of 1st period - Shot by Brayden Point.
5:33 of 1st period - Stopped by Frederik Andersen without a rebound.
5:34 of 1st period - Adrian Kempe wins face-off versus Brayden Point in Ducks zone.
5:51 of 1st period - Shot by Kevin Hayes.
5:51 of 1st period - Stopped by Frederik Andersen without a rebound.
5:52 of 1st period - Martin Necas wins face-off versus Adrian Kempe in Ducks zone.
6:01 of 1st period - Shot by Conor Garland.
6:01 of 1st period - Deflect By Martin Necas.
6:01 of 1st period - Shot Misses the Net.
6:03 of 1st period - Shot by J.J. Moser.
6:03 of 1st period - Shot Misses the Net.
6:05 of 1st period - Shot by Mathew Barzal.
6:05 of 1st period - Stopped by Frederik Andersen without a rebound.
6:06 of 1st period - Brayden Point wins face-off versus Phillip Danault in Ducks zone.
6:07 of 1st period - Shot by Mitch Marner.
6:07 of 1st period - Shot Misses the Net.
6:23 of 1st period - Shot by Alex Newhook.
6:23 of 1st period - Shot Misses the Net.
6:31 of 1st period - Shot by Pierre-Luc Dubois.
6:31 of 1st period - Shot Misses the Net.
6:45 of 1st period - Shot by Pierre-Luc Dubois.
6:45 of 1st period - Shot Misses the Net.
6:49 of 1st period - Shot by Pierre-Luc Dubois.
6:49 of 1st period - Goal by Pierre-Luc Dubois - Ducks : 1 - Canucks : 1.
6:50 of 1st period - Ryan Nugent-Hopkins wins face-off versus Phillip Danault in neutral zone.
7:04 of 1st period - Alec Martinez is hit by Phillip Danault and loses puck.
7:11 of 1st period - Claude Giroux is hit by Jason Zucker and loses puck.
7:45 of 1st period - Shot by Ty Smith.
7:45 of 1st period - Shot Blocked by Adam Fox.
7:47 of 1st period - Shot by Ty Smith.
7:47 of 1st period - Stopped by Frederik Andersen with a rebound.
8:18 of 1st period - Shot by Brayden Point.
8:18 of 1st period - Shot Misses the Net.
8:20 of 1st period - Shot by Samuel Girard.
8:20 of 1st period - Stopped by Frederik Andersen without a rebound.
8:21 of 1st period - Travis Boyd wins face-off versus Boone Jenner in Ducks zone.
8:34 of 1st period - Shot by Pierre-Luc Dubois.
8:34 of 1st period - Shot Misses the Net.
8:36 of 1st period - Shot by Moritz Seider.
8:36 of 1st period - Stopped by Jeremy Swayman without a rebound.
8:37 of 1st period - Joe Pavelski wins face-off versus Cody Glass in Canucks zone.
8:38 of 1st period - Shot by Adrian Kempe.
8:38 of 1st period - Stopped by Jeremy Swayman without a rebound.
8:39 of 1st period - Joe Pavelski wins face-off versus Ryan Nugent-Hopkins in Canucks zone.
8:42 of 1st period - Shot by Adrian Kempe.
8:42 of 1st period - Shot Misses the Net.
8:48 of 1st period - Jason Robertson is hit by Jason Zucker and loses puck.
9:09 of 1st period - Shot by Ryan Nugent-Hopkins.
9:09 of 1st period - Shot Misses the Net.
9:23 of 1st period - Off-side.
9:24 of 1st period - Brayden Point wins face-off versus Travis Boyd in neutral zone.
9:41 of 1st period - Mathew Barzal is hit by Pierre-Luc Dubois and loses puck.
9:54 of 1st period - Shot by Martin Necas.
9:54 of 1st period - Shot Hit the Post.
9:56 of 1st period - Shot by Brayden Point.
9:56 of 1st period - Stopped by Frederik Andersen without a rebound.
9:57 of 1st period - Phillip Danault wins face-off versus Boone Jenner in Ducks zone.
10:29 of 1st period - Shot by Kevin Hayes.
10:29 of 1st period - Stopped by Frederik Andersen with a rebound.
10:50 of 1st period - Icing by Samuel Girard.
10:51 of 1st period - Boone Jenner wins face-off versus Joe Pavelski in Canucks zone.
11:02 of 1st period - Boone Jenner is hit by Joe Pavelski and loses puck.
11:10 of 1st period - Kevin Hayes is hit by Adam Fox and loses puck.
12:16 of 1st period - Tyson Barrie is hit by Jason Zucker and loses puck.
12:32 of 1st period - Icing by Moritz Seider.
12:33 of 1st period - Brayden Point wins face-off versus Travis Boyd in Ducks zone.
12:58 of 1st period - Shot by Brayden Point.
12:58 of 1st period - Stopped by Frederik Andersen without a rebound.
12:59 of 1st period - Joe Pavelski wins face-off versus Cody Glass in Ducks zone.
12:59 of 1st period - Joe Pavelski is hit by Boris Katchouk.
13:16 of 1st period - Minor Penalty to Ty Smith for Interference.
13:17 of 1st period - Zach Hyman wins face-off versus Boone Jenner in Canucks zone.
13:56 of 1st period - Mitch Marner is hit by Phillip Danault and loses puck.
14:40 of 1st period - Icing by Moritz Seider.
14:41 of 1st period - Boone Jenner wins face-off versus Patrick Kane in Ducks zone.
14:51 of 1st period - Icing by Moritz Seider.
14:52 of 1st period - Patrick Kane wins face-off versus Mitch Marner in Ducks zone.
14:54 of 1st period - Icing by Adrian Kempe.
14:55 of 1st period - Boone Jenner wins face-off versus Patrick Kane in Ducks zone.
15:50 of 1st period - Shot by Martin Necas.
15:50 of 1st period - Stopped by Frederik Andersen without a rebound.
15:51 of 1st period - Cody Glass wins face-off versus Jason Robertson in Ducks zone.
15:51 of 1st period - J.J. Moser is hit by Brayden McNabb and loses puck.
16:26 of 1st period - Shot by Alex Newhook.
16:26 of 1st period - Stopped by Frederik Andersen with a rebound.
16:28 of 1st period - Shot by Alec Martinez.
16:28 of 1st period - Stopped by Frederik Andersen without a rebound.
16:29 of 1st period - Brayden Point wins face-off versus Phillip Danault in Ducks zone.
16:34 of 1st period - Shot by Brayden Point.
16:34 of 1st period - Stopped by Frederik Andersen without a rebound.
16:35 of 1st period - Phillip Danault wins face-off versus Brayden Point in Ducks zone.
16:54 of 1st period - Shot by Adam Fox.
16:54 of 1st period - Shot Misses the Net.
17:01 of 1st period - Minor Penalty to Zach Hyman for Hooking.
17:02 of 1st period - Brayden Point wins face-off versus Adrian Kempe in Ducks zone.
17:02 of 1st period - Brayden Point is hit by Tyson Barrie.
17:28 of 1st period - Shot by Mitch Marner.
17:28 of 1st period - Stopped by Frederik Andersen without a rebound.
17:29 of 1st period - Martin Necas wins face-off versus Adrian Kempe in Ducks zone.
17:34 of 1st period - Shot by Martin Necas.
17:34 of 1st period - Deflect By Conor Garland.
17:34 of 1st period - Shot Blocked by Rasmus Dahlin.
17:36 of 1st period - Shot by Martin Necas.
17:36 of 1st period - Shot Misses the Net.
17:44 of 1st period - Shot by J.J. Moser.
17:44 of 1st period - Deflect By Mathew Barzal.
17:44 of 1st period - Shot Misses the Net.
17:46 of 1st period - Shot by Martin Necas.
17:46 of 1st period - Shot Misses the Net.
17:54 of 1st period - Shot by Mathew Barzal.
17:54 of 1st period - Stopped by Frederik Andersen without a rebound.
17:55 of 1st period - Brayden Point wins face-off versus Phillip Danault in Ducks zone.
18:00 of 1st period - Shot by Ryan Nugent-Hopkins.
18:00 of 1st period - Stopped by Frederik Andersen without a rebound.
18:01 of 1st period - Brayden Point wins face-off versus Phillip Danault in Ducks zone.
18:15 of 1st period - Minor Penalty to Rasmus Dahlin for Holding.
18:16 of 1st period - Martin Necas wins face-off versus Jason Robertson in Ducks zone.
19:03 of 1st period - Patrick Kane is hit by Conor Garland and loses puck.
Goals for this period are 1 for Ducks vs 1 for Canucks.
Shots for this period are 3 for Ducks vs 21 for Canucks.

2nd period


0:01 of 2nd period - Mitch Marner wins face-off versus Adrian Kempe in neutral zone.
0:35 of 2nd period - Phillip Danault is hit by Samuel Girard and loses puck.
1:43 of 2nd period - Shot by Jason Robertson.
1:43 of 2nd period - Stopped by Jeremy Swayman without a rebound.
1:44 of 2nd period - Travis Boyd wins face-off versus Ryan Nugent-Hopkins in Canucks zone.
1:53 of 2nd period - Shot by Patrick Kane.
1:53 of 2nd period - Stopped by Jeremy Swayman without a rebound.
1:54 of 2nd period - Travis Boyd wins face-off versus Brayden Point in Canucks zone.
1:55 of 2nd period - Shot by Patrick Kane.
1:55 of 2nd period - Deflect By Pierre-Luc Dubois.
1:55 of 2nd period - Shot Misses the Net.
3:00 of 2nd period - Shot by Ryan Nugent-Hopkins.
3:00 of 2nd period - Shot Misses the Net.
3:03 of 2nd period - Icing by Ryan McDonagh.
3:04 of 2nd period - Boone Jenner wins face-off versus Travis Boyd in Ducks zone.
3:11 of 2nd period - Boone Jenner is hit by Patrick Kane.
4:01 of 2nd period - Shot by Adrian Kempe.
4:01 of 2nd period - Shot Blocked by Samuel Girard.
6:05 of 2nd period - Icing by Jordan Spence.
6:06 of 2nd period - Travis Boyd wins face-off versus Brayden Point in Canucks zone.
6:06 of 2nd period - Pierre-Luc Dubois is hit by Jordan Spence and loses puck.
6:19 of 2nd period - Icing by Brayden McNabb.
6:20 of 2nd period - Travis Boyd wins face-off versus Boone Jenner in Ducks zone.
6:25 of 2nd period - Shot by Pierre-Luc Dubois.
6:25 of 2nd period - Shot Blocked by J.J. Moser.
6:27 of 2nd period - Shot by Pierre-Luc Dubois.
6:27 of 2nd period - Shot Hit the Post.
6:29 of 2nd period - Shot by Ryan McDonagh.
6:29 of 2nd period - Stopped by Jeremy Swayman with a rebound.
6:31 of 2nd period - Shot by Patrick Kane.
6:31 of 2nd period - Shot Misses the Net.
6:33 of 2nd period - Shot by Patrick Kane.
6:33 of 2nd period - Stopped by Jeremy Swayman without a rebound.
6:34 of 2nd period - Jason Robertson wins face-off versus Cody Glass in Canucks zone.
6:35 of 2nd period - Shot by Adam Fox.
6:35 of 2nd period - Stopped by Jeremy Swayman with a rebound.
6:37 of 2nd period - Shot by Adam Fox.
6:37 of 2nd period - Shot Misses the Net.
7:41 of 2nd period - Shot by Claude Giroux.
7:41 of 2nd period - Stopped by Jeremy Swayman without a rebound.
7:42 of 2nd period - Brayden Point wins face-off versus Pierre-Luc Dubois in Canucks zone.
7:55 of 2nd period - Shot by Mathew Barzal.
7:55 of 2nd period - Deflect By Brayden Point.
7:55 of 2nd period - Stopped by Frederik Andersen without a rebound.
7:56 of 2nd period - Phillip Danault wins face-off versus Ryan Nugent-Hopkins in Ducks zone.
7:56 of 2nd period - Moritz Seider is hit by Jason Zucker and loses puck.
8:23 of 2nd period - Shot by Samuel Girard.
8:23 of 2nd period - Shot Misses the Net.
8:25 of 2nd period - Shot by Mitch Marner.
8:25 of 2nd period - Deflect By Ryan Nugent-Hopkins.
8:25 of 2nd period - Stopped by Frederik Andersen with a rebound.
8:36 of 2nd period - Ryan Nugent-Hopkins is hit by Moritz Seider and loses puck.
9:14 of 2nd period - Shot by Jordan Spence.
9:14 of 2nd period - Shot Misses the Net.
9:24 of 2nd period - Shot by Brayden Point.
9:24 of 2nd period - Stopped by Frederik Andersen with a rebound.
9:59 of 2nd period - Pierre-Luc Dubois is hit by Kevin Hayes and loses puck.
10:37 of 2nd period - Shot by Mitch Marner.
10:37 of 2nd period - Stopped by Frederik Andersen without a rebound.
10:38 of 2nd period - Phillip Danault wins face-off versus Ryan Nugent-Hopkins in Ducks zone.
10:38 of 2nd period - Phillip Danault is hit by Jason Zucker.
11:06 of 2nd period - Shot by Phillip Danault.
11:06 of 2nd period - Deflect By Zach Hyman.
11:06 of 2nd period - Shot Hit the Post.
11:08 of 2nd period - Shot by Zach Hyman.
11:08 of 2nd period - Shot Misses the Net.
11:10 of 2nd period - Shot by Moritz Seider.
11:10 of 2nd period - Goal by Moritz Seider - Ducks : 2 - Canucks : 1.
11:11 of 2nd period - Mathew Barzal wins face-off versus Joe Pavelski in neutral zone.
11:49 of 2nd period - Shot by Mathew Barzal.
11:49 of 2nd period - Deflect By Brayden Point.
11:49 of 2nd period - Shot Blocked by Joe Pavelski.
11:51 of 2nd period - Shot by Brayden Point.
11:51 of 2nd period - Shot Misses the Net.
11:53 of 2nd period - Shot by Brayden Point.
11:53 of 2nd period - Shot Misses the Net.
11:55 of 2nd period - Shot by Mathew Barzal.
11:55 of 2nd period - Stopped by Frederik Andersen without a rebound.
11:56 of 2nd period - Ryan Nugent-Hopkins wins face-off versus Phillip Danault in Ducks zone.
11:56 of 2nd period - Ryan Nugent-Hopkins is hit by Moritz Seider.
11:57 of 2nd period - Minor Penalty to Moritz Seider for Interference.
11:58 of 2nd period - Adrian Kempe wins face-off versus Brayden Point in Ducks zone.
12:31 of 2nd period - Shot by Brayden Point.
12:31 of 2nd period - Shot Misses the Net.
12:57 of 2nd period - Shot by J.J. Moser.
12:57 of 2nd period - Stopped by Frederik Andersen without a rebound.
12:58 of 2nd period - Phillip Danault wins face-off versus Martin Necas in Ducks zone.
12:58 of 2nd period - Phillip Danault is hit by Conor Garland.
14:12 of 2nd period - Patrick Kane is hit by Cody Glass and loses puck.
14:30 of 2nd period - Shot by Boris Katchouk.
14:30 of 2nd period - Deflect By Alex Newhook.
14:30 of 2nd period - Shot Misses the Net.
14:32 of 2nd period - Shot by Cody Glass.
14:32 of 2nd period - Stopped by Frederik Andersen without a rebound.
14:33 of 2nd period - Claude Giroux wins face-off versus Ryan Nugent-Hopkins in Ducks zone.
14:33 of 2nd period - Claude Giroux is hit by Jason Zucker.
14:40 of 2nd period - Off-side.
14:41 of 2nd period - Phillip Danault wins face-off versus Ryan Nugent-Hopkins in neutral zone.
14:51 of 2nd period - Icing by Adam Fox.
14:52 of 2nd period - Phillip Danault wins face-off versus Brayden Point in Ducks zone.
15:13 of 2nd period - Shot by Phillip Danault.
15:13 of 2nd period - Stopped by Jeremy Swayman without a rebound.
15:14 of 2nd period - Joe Pavelski wins face-off versus Ryan Nugent-Hopkins in Canucks zone.
15:14 of 2nd period - Joe Pavelski is hit by Alec Martinez.
16:30 of 2nd period - Zach Hyman is hit by Martin Necas.
16:35 of 2nd period - Icing by Jordan Spence.
16:36 of 2nd period - Brayden Point wins face-off versus Travis Boyd in Canucks zone.
17:08 of 2nd period - Icing by Moritz Seider.
17:09 of 2nd period - Boone Jenner wins face-off versus Travis Boyd in Ducks zone.
17:10 of 2nd period - Shot by Conor Garland.
17:10 of 2nd period - Deflect By Boone Jenner.
17:10 of 2nd period - Stopped by Frederik Andersen without a rebound.
17:11 of 2nd period - Phillip Danault wins face-off versus Ryan Nugent-Hopkins in Ducks zone.
17:39 of 2nd period - Shot by Claude Giroux.
17:39 of 2nd period - Shot Blocked by Alec Martinez.
17:45 of 2nd period - Shot by Claude Giroux.
17:45 of 2nd period - Stopped by Jeremy Swayman without a rebound.
17:46 of 2nd period - Joe Pavelski wins face-off versus Boone Jenner in Canucks zone.
17:51 of 2nd period - Shot by Adrian Kempe.
17:51 of 2nd period - Shot Misses the Net.
17:58 of 2nd period - Joe Pavelski is hit by Jordan Spence and loses puck.
18:27 of 2nd period - Minor Penalty to Joe Pavelski for Hooking.
18:28 of 2nd period - Brayden Point wins face-off versus Phillip Danault in Ducks zone.
19:02 of 2nd period - Icing by Ryan Nugent-Hopkins.
19:03 of 2nd period - Brayden Point wins face-off versus Adrian Kempe in Canucks zone.
19:08 of 2nd period - Shot by Samuel Girard.
19:08 of 2nd period - Shot Misses the Net.
19:39 of 2nd period - Shot by Bowen Byram.
19:39 of 2nd period - Stopped by Frederik Andersen without a rebound.
19:40 of 2nd period - Martin Necas wins face-off versus Phillip Danault in Ducks zone.
19:43 of 2nd period - Shot by J.J. Moser.
19:43 of 2nd period - Shot Misses the Net.
19:59 of 2nd period - Shot by Mathew Barzal.
19:59 of 2nd period - Stopped by Frederik Andersen without a rebound.
Goals for this period are 1 for Ducks vs 0 for Canucks.
Shots for this period are 9 for Ducks vs 10 for Canucks.

3rd period


0:01 of 3rd period - Brayden Point wins face-off versus Adrian Kempe in neutral zone.
0:34 of 3rd period - Shot by Brayden Point.
0:34 of 3rd period - Stopped by Frederik Andersen without a rebound.
0:35 of 3rd period - Phillip Danault wins face-off versus Cody Glass in Ducks zone.
0:44 of 3rd period - Shot by Phillip Danault.
0:44 of 3rd period - Stopped by Jeremy Swayman without a rebound.
0:45 of 3rd period - Brayden Point wins face-off versus Joe Pavelski in Canucks zone.
0:54 of 3rd period - Icing by Adrian Kempe.
0:55 of 3rd period - Ryan Nugent-Hopkins wins face-off versus Jason Robertson in Ducks zone.
1:07 of 3rd period - Shot by Jason Zucker.
1:07 of 3rd period - Deflect By Ryan Nugent-Hopkins.
1:07 of 3rd period - Shot Misses the Net.
1:09 of 3rd period - Shot by Jason Zucker.
1:09 of 3rd period - Stopped by Frederik Andersen without a rebound.
1:10 of 3rd period - Phillip Danault wins face-off versus Brayden Point in Ducks zone.
1:19 of 3rd period - Shot by Phillip Danault.
1:19 of 3rd period - Stopped by Jeremy Swayman without a rebound.
1:20 of 3rd period - Ryan Nugent-Hopkins wins face-off versus Joe Pavelski in Canucks zone.
1:22 of 3rd period - Icing by Bowen Byram.
1:23 of 3rd period - Joe Pavelski wins face-off versus Ryan Nugent-Hopkins in Canucks zone.
1:40 of 3rd period - Icing by Rasmus Dahlin.
1:41 of 3rd period - Joe Pavelski wins face-off versus Brayden Point in Ducks zone.
1:50 of 3rd period - Shot by Jason Robertson.
1:50 of 3rd period - Shot Blocked by J.J. Moser.
2:00 of 3rd period - Shot by Brayden Point.
2:00 of 3rd period - Shot Blocked by Adam Fox.
2:06 of 3rd period - Adam Fox is hit by Martin Necas and loses puck.
2:16 of 3rd period - Rasmus Dahlin is hit by Brayden Point.
2:20 of 3rd period - Rasmus Dahlin is hit by Martin Necas and loses puck.
2:36 of 3rd period - Icing by Alec Martinez.
2:37 of 3rd period - Brayden Point wins face-off versus Phillip Danault in Canucks zone.
2:37 of 3rd period - J.J. Moser is hit by Zach Hyman and loses puck.
2:51 of 3rd period - Brayden Point is hit by Claude Giroux and loses puck.
3:14 of 3rd period - Icing by Zach Hyman.
3:15 of 3rd period - Ryan Nugent-Hopkins wins face-off versus Phillip Danault in Ducks zone.
3:30 of 3rd period - Shot by Jason Zucker.
3:30 of 3rd period - Shot Misses the Net.
3:42 of 3rd period - Off-side.
3:43 of 3rd period - Boone Jenner wins face-off versus Joe Pavelski in neutral zone.
4:02 of 3rd period - Shot by Boone Jenner.
4:02 of 3rd period - Shot Misses the Net.
4:04 of 3rd period - Shot by Kevin Hayes.
4:04 of 3rd period - Stopped by Frederik Andersen without a rebound.
4:05 of 3rd period - Travis Boyd wins face-off versus Ryan Nugent-Hopkins in Ducks zone.
4:14 of 3rd period - Shot by Patrick Kane.
4:14 of 3rd period - Stopped by Jeremy Swayman with a rebound.
4:38 of 3rd period - Ryan McDonagh is hit by Jason Zucker.
5:40 of 3rd period - Shot by Adrian Kempe.
5:40 of 3rd period - Stopped by Jeremy Swayman without a rebound.
5:41 of 3rd period - Phillip Danault wins face-off versus Brayden Point in Canucks zone.
6:02 of 3rd period - J.J. Moser is hit by Phillip Danault.
6:20 of 3rd period - Shot by Phillip Danault.
6:20 of 3rd period - Shot Misses the Net.
7:08 of 3rd period - Shot by Patrick Kane.
7:08 of 3rd period - Deflect By Travis Boyd.
7:08 of 3rd period - Stopped by Jeremy Swayman with a rebound.
7:14 of 3rd period - Shot by Pierre-Luc Dubois.
7:14 of 3rd period - Shot Misses the Net.
7:16 of 3rd period - Shot by Pierre-Luc Dubois.
7:16 of 3rd period - Shot Misses the Net.
7:18 of 3rd period - Shot by Patrick Kane.
7:18 of 3rd period - Shot Misses the Net.
7:20 of 3rd period - Shot by Brayden McNabb.
7:20 of 3rd period - Shot Misses the Net.
7:34 of 3rd period - Shot by Conor Garland.
7:34 of 3rd period - Shot Misses the Net.
8:04 of 3rd period - Shot by Adrian Kempe.
8:04 of 3rd period - Shot Blocked by Bowen Byram.
8:06 of 3rd period - Shot by Joe Pavelski.
8:06 of 3rd period - Deflect By Jason Robertson.
8:06 of 3rd period - Shot Misses the Net.
8:08 of 3rd period - Shot by Rasmus Dahlin.
8:08 of 3rd period - Shot Misses the Net.
8:10 of 3rd period - Shot by Adam Fox.
8:10 of 3rd period - Stopped by Jeremy Swayman without a rebound.
8:11 of 3rd period - Cody Glass wins face-off versus Phillip Danault in Canucks zone.
8:11 of 3rd period - Cody Glass is hit by Phillip Danault.
8:26 of 3rd period - Minor Penalty to Moritz Seider for Holding Stick.
8:27 of 3rd period - Brayden Point wins face-off versus Adrian Kempe in Ducks zone.
8:30 of 3rd period - Shot by Mitch Marner.
8:30 of 3rd period - Deflect By Kevin Hayes.
8:30 of 3rd period - Stopped by Frederik Andersen without a rebound.
8:31 of 3rd period - Adrian Kempe wins face-off versus Brayden Point in Ducks zone.
8:54 of 3rd period - Shot by Brayden Point.
8:54 of 3rd period - Stopped by Frederik Andersen with a rebound.
9:08 of 3rd period - Shot by J.J. Moser.
9:08 of 3rd period - Stopped by Frederik Andersen without a rebound.
9:09 of 3rd period - Adrian Kempe wins face-off versus Martin Necas in Ducks zone.
10:17 of 3rd period - Shot by Brayden Point.
10:17 of 3rd period - Shot Misses the Net.
10:19 of 3rd period - Shot by J.J. Moser.
10:19 of 3rd period - Shot Misses the Net.
10:21 of 3rd period - Shot by Bowen Byram.
10:21 of 3rd period - Stopped by Frederik Andersen without a rebound.
10:22 of 3rd period - Brayden Point wins face-off versus Phillip Danault in Ducks zone.
11:21 of 3rd period - Shot by Mitch Marner.
11:21 of 3rd period - Stopped by Frederik Andersen without a rebound.
11:22 of 3rd period - Brayden Point wins face-off versus Claude Giroux in Ducks zone.
11:25 of 3rd period - Shot by Mathew Barzal.
11:25 of 3rd period - Shot Misses the Net.
11:28 of 3rd period - Icing by Adam Fox.
11:29 of 3rd period - Brayden Point wins face-off versus Phillip Danault in Ducks zone.
11:53 of 3rd period - Shot by Zach Hyman.
11:53 of 3rd period - Shot Blocked by Bowen Byram.
11:57 of 3rd period - Shot by Phillip Danault.
11:57 of 3rd period - Goal by Phillip Danault - Ducks : 3 - Canucks : 1.
11:58 of 3rd period - Ryan Nugent-Hopkins wins face-off versus Joe Pavelski in neutral zone.
13:05 of 3rd period - Shot by Martin Necas.
13:05 of 3rd period - Shot Misses the Net.
13:34 of 3rd period - Shot by Claude Giroux.
13:34 of 3rd period - Shot Misses the Net.
13:36 of 3rd period - Shot by Claude Giroux.
13:36 of 3rd period - Goal by Claude Giroux - Ducks : 4 - Canucks : 1.
13:37 of 3rd period - Pierre-Luc Dubois wins face-off versus Boone Jenner in neutral zone.
14:22 of 3rd period - Shot by Moritz Seider.
14:22 of 3rd period - Stopped by Jeremy Swayman without a rebound.
14:23 of 3rd period - Joe Pavelski wins face-off versus Ryan Nugent-Hopkins in Canucks zone.
14:58 of 3rd period - Shot by Ryan Nugent-Hopkins.
14:58 of 3rd period - Shot Misses the Net.
15:00 of 3rd period - Shot by Ryan Nugent-Hopkins.
15:00 of 3rd period - Goal by Ryan Nugent-Hopkins - Ducks : 4 - Canucks : 2.
15:01 of 3rd period - Phillip Danault wins face-off versus Brayden Point in neutral zone.
15:15 of 3rd period - Icing by Bowen Byram.
15:16 of 3rd period - Brayden Point wins face-off versus Pierre-Luc Dubois in Canucks zone.
15:16 of 3rd period - Brayden Point is hit by Pierre-Luc Dubois.
15:22 of 3rd period - Patrick Kane is hit by Martin Necas and loses puck.
15:43 of 3rd period - Shot by Brayden Point.
15:43 of 3rd period - Deflect By Mathew Barzal.
15:43 of 3rd period - Stopped by Frederik Andersen without a rebound.
15:44 of 3rd period - Ryan Nugent-Hopkins wins face-off versus Phillip Danault in Ducks zone.
15:44 of 3rd period - Minor Penalty to Rasmus Dahlin for Hooking.
15:45 of 3rd period - Adrian Kempe wins face-off versus Brayden Point in Ducks zone.
15:54 of 3rd period - Shot by Ryan Nugent-Hopkins.
15:54 of 3rd period - Shot Blocked by Adrian Kempe.
16:08 of 3rd period - Shot by Brayden Point.
16:08 of 3rd period - Goal by Brayden Point - Ducks : 4 - Canucks : 3.
16:09 of 3rd period - Phillip Danault wins face-off versus Cody Glass in neutral zone.
16:13 of 3rd period - Adam Fox is hit by Boris Katchouk and loses puck.
16:18 of 3rd period - Cody Glass is hit by Zach Hyman and loses puck.
16:38 of 3rd period - Alex Newhook is hit by Rasmus Dahlin and loses puck.
17:55 of 3rd period - Icing by J.J. Moser.
17:56 of 3rd period - Ryan Nugent-Hopkins wins face-off versus Travis Boyd in Canucks zone.
18:45 of 3rd period - Canucks, Jeremy Swayman is pulled from the net.
19:17 of 3rd period - Shot by Jason Robertson.
19:17 of 3rd period - Goal by Jason Robertson - Ducks : 5 - Canucks : 3.
19:17 of 3rd period - Jeremy Swayman from Canucks was sent back in the game.
19:18 of 3rd period - Phillip Danault wins face-off versus Cody Glass in neutral zone.
Goals for this period are 3 for Ducks vs 2 for Canucks.
Shots for this period are 10 for Ducks vs 11 for Canucks.